Map: Ley Lines

Players

GangusKaun - Winner!

  • Race: Protoss Protoss
  • League: Gold
  • Spawn Location: 7:00

Shadelife

  • Race: Zerg Zerg
  • League: Platinum
  • Spawn Location: 1:00

VOD

Have the link to the VOD?

Description

Time

  • Played on: Dec. 29, 2024, 11:16 a.m.
  • Length: 14:40
Show
View Real Time Build Order
Export as new Build Order

GangusKaun Protoss - Winner!

Build Orders: 1 Gate Expand, Zealot Archon 

Get SALT Encoding   

  12  0:00  Probe  
  13  0:12  Probe  
  14  0:18  Pylon  
  14  0:24  Probe  
  15  0:38  Gateway  
  15  0:41  Probe  
  16  1:02  Probe  
  17  1:08  Assimilator  
  17  1:11  Probe  
  18  1:24  Nexus  
  18  1:34  Probe  
  19  1:43  Cybernetics Core  
  19  1:50  Probe  
  20  2:02  Probe  
  20  2:06  Assimilator  
  21  2:09  Pylon  
  21  2:14  Probe  
  22  2:22  Warp Gate  
  22  2:24  Gateway  
  22  2:27  Adept  
  22  2:29  Shield Battery  
  24  2:34  Probe  
  24  2:37  Probe  
  26  2:48  Probe  
  26  2:49  Probe  
  28  2:53  Stalker  
  28  2:56  Stargate  
  28  3:00  Probe  
  31  3:10  Stalker  
  31  3:15  Probe x2  
  35  3:21  Pylon  
  35  3:26  Pylon  
  35  3:57  Probe x2  
  35  4:00  Assimilator  
  37  4:09  Probe x2  
  39  4:10  Nexus, Pylon  
  39  4:14  Pylon  
  39  4:21  Probe x2  
  41  4:26  Oracle  
  41  4:32  Forge, Twilight Council  
  41  4:33  Probe  
  41  4:36  Protoss Ground Weapons Level 1  
  45  4:47  Probe x2  
  45  4:51  Assimilator  
  47  4:55  Gateway  
  47  4:56  Gateway  
  47  4:57  Zealot  
  47  4:59  Charge  
  49  5:03  Probe x2  
  51  5:20  Templar Archives  
  51  5:23  Photon Cannon  
  51  5:34  Probe x2  
  51  5:35  Probe  
  54  5:40  Oracle  
  57  5:46  Probe  
  57  5:49  Psionic Storm  
  58  5:52  Probe x2  
  60  5:58  Probe  
  61  6:05  Zealot x2  
  61  6:09  Zealot  
  61  6:10  Zealot  
  69  6:21  Gateway x2  
  69  6:22  Shield Battery  
  69  6:23  Assimilator  
  69  6:28  Gateway  
  69  6:39  Oracle  
  72  6:43  High Templar x4  
  80  6:49  Archon x2  
  70  7:15  Zealot x3  
  70  7:16  Zealot x3  
  82  7:32  Assimilator  
  82  7:34  Probe x2  
  82  7:35  Probe  
  85  7:41  High Templar x4  
  93  7:56  Robotics Facility  
  93  8:04  Photon Cannon  
  93  8:05  Photon Cannon  
  93  8:07  Pylon  
  93  8:21  Pylon  
  93  8:24  Pylon  
  93  8:25  Probe x3  
  96  8:27  Zealot x2  
  100  8:37  Probe  
  100  8:39  Zealot, Probe  
  108  8:42  Zealot x2  
  108  8:43  Zealot x2  
  108  8:45  Void Ray  
  116  9:09  Robotics Bay  
  98  9:58  Archon  
  89  10:24  Photon Cannon  
  89  10:27  Pylon  
  89  10:31  Pylon  
  89  10:45  Probe x2  
  89  10:49  Immortal  
  95  10:50  Photon Cannon  
  95  10:53  Gateway  
  95  10:55  Pylon  
  95  10:57  Shield Battery, Robotics Facility, Probe x2  
  97  10:58  Protoss Ground Weapons Level 2  
  97  11:01  Photon Cannon  
  97  11:03  Photon Cannon  
  97  11:07  Pylon  
  97  11:09  Probe  
  98  11:23  Stalker, Stargate  
  100  11:29  Stalker x5  
  110  11:51  Nexus  
  110  11:53  Pylon  
  110  11:56  Pylon  
  110  11:57  Probe x2  
  110  11:58  Pylon  
  112  12:01  Immortal  
  116  12:09  Probe x2  
  116  12:10  Pylon  
  116  12:11  Pylon  
  116  12:12  Immortal  
  126  12:15  High Templar x2  
  126  12:16  High Templar x5  
  126  12:17  Void Ray  
  140  12:41  Probe x2  
  142  12:53  Probe  
  115  13:13  Archon x2  
  115  13:14  Archon  
  109  13:48  Immortal x2  
  117  13:55  Void Ray  
  117  14:06  Stalker  
  117  14:07  Stalker x6  
  135  14:35  Stargate  
  131  14:38  Stargate  
Show
View Real Time Build Order
Export as new Build Order

Shadelife Zerg 

Build Orders: Hatch First 

Get SALT Encoding   

  12  0:00  Drone  
  13  0:12  Overlord  
  13  0:17  Drone  
  14  0:34  Drone x2  
  16  0:36  Drone  
  17  0:51  Hatchery  
  17  0:55  Drone  
  17  0:59  Drone  
  18  1:14  Spawning Pool  
  18  1:15  Extractor  
  18  1:17  Drone  
  17  1:30  Drone x2  
  19  1:45  Overlord  
  19  2:04  Queen x2  
  19  2:06  Zergling x2  
  24  2:13  Drone x3  
  27  2:33  Drone x4  
  27  2:36  Drone  
  32  2:40  Hatchery  
  31  2:58  Overlord  
  31  3:00  Drone x3  
  34  3:09  Roach Warren  
  34  3:11  Drone x2  
  35  3:15  Queen  
  37  3:40  Overlord  
  37  3:42  Drone x5  
  37  3:44  Lair  
  37  3:45  Metabolic Boost  
  42  3:54  Overlord x3  
  42  3:59  Queen  
  44  4:03  Queen  
  45  4:27  Overlord  
  45  4:28  Roach x4  
  45  4:29  Roach x5  
  63  4:39  Extractor  
  63  4:44  Roach  
  63  4:45  Roach  
  66  4:50  Zergling x16  
  74  4:57  Roach  
  76  5:06  Queen x2  
  80  5:09  Overseer  
  80  5:19  Drone  
  80  5:20  Overlord x2  
  80  5:21  Overlord x2  
  81  5:41  Ravager  
  82  5:42  Overlord  
  82  5:43  Overlord  
  82  5:44  Drone x6  
  82  5:46  Roach  
  82  5:48  Drone x3  
  93  5:53  Roach  
  95  6:04  Extractor  
  94  6:09  Extractor  
  93  6:18  Extractor, Glial Reconstitution  
  93  6:19  Extractor  
  93  6:22  Roach  
  93  6:26  Roach  
  93  6:27  Roach  
  93  6:29  Zergling x12  
  103  6:50  Roach x5  
  111  7:07  Roach x3  
  114  7:11  Roach  
  114  7:12  Zergling x14  
  123  7:28  Drone x2  
  123  7:29  Drone x2  
  127  7:30  Hatchery  
  127  7:31  Spore Crawler  
  127  7:32  Roach  
  127  7:48  Hatchery, Evolution Chamber  
  127  7:50  Roach x2  
  129  7:51  Overlord x5  
  129  8:02  Overlord  
  129  8:03  Overlord x4  
  129  8:20  Ravager x8  
  129  8:23  Zergling x4  
  129  8:24  Hatchery  
  138  8:39  Zerg Missile Weapons Level 1  
  138  8:43  Zergling x14  
  138  8:47  Roach  
  74  10:02  Roach x11  
  74  10:03  Roach x8  
  74  10:07  Roach  
  84  10:19  Drone x4  
  83  10:38  Drone x7  
  90  10:50  Drone x4  
  94  11:02  Drone x5  
  99  11:08  Drone x3  
  102  11:37  Hatchery  
  101  11:49  Infestation Pit  
  100  11:55  Hydralisk Den  
  100  11:56  Drone x7  
  106  12:03  Roach x14  
  134  12:13  Zerg Missile Weapons Level 2  
  134  12:17  Evolution Chamber  
  134  12:20  Extractor  
  134  12:21  Extractor  
  131  12:35  Hatchery  
  130  12:37  Grooved Spines  
  130  12:38  Lurker Den  
  130  12:42  Drone x11  
  140  12:46  Extractor, Roach  
  140  12:47  Extractor  
  116  13:04  Roach x7  
  116  13:05  Roach x2  
  112  13:10  Roach x2  
  108  13:17  Ravager  
  108  13:18  Ravager x10  
  108  13:19  Roach x2  
  121  13:21  Roach  
  110  13:27  Muscular Augments  
  84  13:34  Roach x8  
  84  13:36  Roach  
  84  13:37  Roach  
  89  13:42  Roach x2  
  89  13:45  Roach  
  83  13:49  Roach x2  
  79  13:57  Roach x4  
  79  14:02  Roach x2  
  83  14:11  Roach x2  
  83  14:16  Roach x2  
Tags
 
Add a new tag
Caveats
  • Supply blocks, unpowered buildings, or Contaminate may cause inaccurate times.
  • Supply counts are checked every 10 seconds.